Map: [ESL] NeoHumanity

Players

PiG - Winner!

  • Race: Terran Terran
  • League: Master
  • Spawn Location: 11:00

jwbrain

  • Race: Terran Terran
  • League: Platinum
  • Spawn Location: 5:00

VOD

https://www.youtube.com/playlist?list=PLOrKQEirgvjBrkg_LERyoNc_WYX2C2tgI

Description

Time

  • Played on: Aug. 15, 2023, 9:41 p.m.
  • Length: 16:23
Show
View Real Time Build Order
Export as new Build Order

PiG Terran - Winner!

Build Orders:  

Get SALT Encoding   

  12  0:00  SCV  
  13  0:13  SCV  
  14  0:17  Supply Depot  
  14  0:25  SCV  
  15  0:39  SCV  
  15  0:41  Barracks  
  16  0:45  Refinery  
  16  0:51  SCV  
  17  1:03  SCV  
  18  1:15  SCV  
  19  1:28  Orbital Command  
  19  1:29  Barracks Reactor  
  19  1:41  Command Center  
  19  1:51  Supply Depot  
  19  2:01  SCV  
  20  2:05  Marine x2  
  22  2:13  SCV  
  22  2:15  Factory  
  23  2:20  Refinery  
  23  2:28  Marine  
  23  2:29  Bunker  
  24  2:32  Marine  
  24  2:34  SCV  
  26  2:46  SCV  
  27  2:51  Marine x2  
  27  2:55  Orbital Command  
  29  2:58  SCV  
  29  3:02  Factory Tech Lab  
  30  3:07  Starport  
  30  3:10  SCV  
  31  3:13  Marine x2  
  33  3:23  SCV x2  
  34  3:33  Marine x2  
  36  3:35  SCV x2  
  36  3:37  Siege Tank  
  41  3:42  Supply Depot  
  41  3:47  Supply Depot  
  41  3:50  Supply Depot  
  41  4:08  Barracks Reactor  
  41  4:09  Siege Tank  
  44  4:15  Viking x2  
  48  4:21  SCV x2  
  50  4:27  Refinery  
  50  4:33  SCV x2, Supply Depot  
  52  4:53  SCV  
  53  5:00  Siege Tank  
  53  5:01  Viking x2  
  53  5:02  Marine x2  
  59  5:32  Siege Tank  
  62  5:44  Viking  
  62  5:54  SCV x2  
  64  6:03  Marine x2  
  66  6:04  Siege Tank  
  66  6:06  SCV  
  66  6:07  Supply Depot  
  66  6:10  Supply Depot  
  70  6:28  Marine  
  70  6:29  Viking, SCV x2  
  75  6:34  Supply Depot  
  75  6:41  SCV  
  62  7:14  SCV x2  
  64  7:19  Liberator  
  67  7:26  SCV x2  
  69  7:30  Barracks  
  69  7:32  Barracks  
  69  7:38  SCV x2  
  69  7:42  Barracks  
  69  7:46  Barracks  
  69  7:50  SCV  
  70  7:55  SCV  
  70  7:58  Refinery  
  71  8:02  SCV  
  71  8:03  Marine x2  
  71  8:04  Siege Tank  
  77  8:06  Viking x2  
  77  8:07  SCV  
  82  8:14  SCV  
  82  8:19  SCV  
  84  8:26  SCV  
  85  8:31  SCV  
  86  8:37  Siege Tank  
  86  8:38  SCV  
  90  8:41  Barracks Tech Lab x2  
  90  8:42  Barracks Reactor x2  
  90  8:43  SCV  
  90  8:47  Engineering Bay  
  91  8:57  Supply Depot  
  91  8:58  Supply Depot  
  91  9:02  Supply Depot  
  91  9:03  Command Center, Supply Depot  
  91  9:05  Stimpack, Combat Shield, Supply Depot  
  91  9:09  Siege Tank  
  94  9:11  Command Center  
  94  9:19  Marauder  
  94  9:20  Marauder, Marine x6  
  94  9:22  Medivac  
  106  9:25  Medivac  
  106  9:30  Terran Infantry Weapons Level 1  
  108  9:38  Marine x6  
  109  9:41  Marauder x2, Siege Tank  
  121  9:56  Marine x3  
  124  10:14  Supply Depot  
  124  10:16  Supply Depot  
  122  10:24  Concussive Shells  
  122  10:38  Supply Depot  
  122  10:39  Marauder x2, Marine x6  
  122  10:40  Siege Tank, Supply Depot  
  122  10:42  Medivac x2  
  139  10:57  Marine x6  
  139  11:00  Marauder x2  
  139  11:01  Supply Depot  
  139  11:03  Supply Depot  
  149  11:12  Siege Tank  
  149  11:15  Marine x2  
  154  11:37  Marauder x2, Marine x6  
  154  11:39  Medivac x2  
  168  11:44  Siege Tank  
  171  11:55  Marine x6  
  171  11:58  Marine, Marauder  
  166  12:12  Marine  
  150  12:17  Siege Tank  
  148  12:39  Orbital Command  
  148  12:40  SCV x2  
  150  12:52  SCV x2  
  152  13:04  Marine, SCV  
  152  13:05  Marine x5, Marauder x2, SCV  
  162  13:06  Siege Tank  
  162  13:07  Medivac  
  169  13:22  Marine x2  
  169  13:23  Marine x4  
  169  13:26  Marine x2  
  177  13:38  Siege Tank  
  177  13:40  Terran Infantry Armor Level 1  
  180  13:42  Armory  
  180  13:43  Engineering Bay  
  180  13:44  Command Center  
  180  13:47  Marine x6, Marauder  
  180  13:48  Marauder  
  190  13:50  Medivac x2  
  190  13:51  Command Center  
  193  14:05  Marine x4  
  193  14:08  Marine  
  197  14:28  Marauder  
  197  14:30  Marauder  
  163  14:50  Marauder  
  164  14:56  SCV  
  164  14:57  SCV x2  
  165  15:09  SCV x3  
  152  15:21  SCV x3  
  150  15:33  SCV x2  
Show
View Real Time Build Order
Export as new Build Order

jwbrain Terran 

Build Orders: 2 Factory 

Get SALT Encoding   

  12  0:00  SCV  
  13  0:12  SCV  
  14  0:17  Supply Depot  
  14  0:25  SCV  
  15  0:36  Refinery  
  15  0:38  SCV  
  16  0:46  Barracks  
  16  0:50  SCV  
  17  0:57  Refinery  
  17  1:02  SCV  
  18  1:16  SCV  
  19  1:34  Orbital Command  
  19  1:37  Barracks Reactor  
  19  1:47  Factory  
  19  1:55  Supply Depot  
  19  1:59  SCV  
  20  2:11  SCV  
  21  2:21  Factory  
  21  2:23  SCV  
  21  2:26  Marine x2  
  24  2:32  Factory Tech Lab  
  24  2:36  SCV  
  25  2:38  Starport  
  25  2:48  Supply Depot, SCV  
  26  2:54  Siege Tank  
  26  2:55  Marine  
  30  3:08  Factory Tech Lab  
  30  3:09  SCV  
  31  3:19  Viking, Marine  
  34  3:21  SCV  
  35  3:33  SCV  
  36  3:36  Siege Tank  
  39  3:44  Supply Depot  
  39  4:03  Barracks  
  39  4:04  Supply Depot  
  39  4:06  Siege Tank, SCV  
  43  4:16  Siege Tank  
  46  4:21  SCV  
  47  4:29  Viking  
  47  4:30  Marine x2  
  48  4:49  Siege Tank  
  48  4:50  Marine x2  
  52  4:59  Marine  
  53  5:08  Marine  
  51  5:16  Siege Tank  
  51  5:18  SCV  
  53  5:30  SCV  
  53  5:33  Marine  
  55  5:40  Supply Depot  
  55  5:42  Supply Depot  
  55  5:44  Marine, SCV  
  55  5:49  Command Center  
  53  5:54  Siege Tank  
  53  6:11  Viking  
  53  6:12  Marine x2  
  53  6:16  SCV  
  58  6:22  Barracks  
  58  6:24  Barracks  
  58  6:28  SCV  
  58  6:32  Marine  
  63  6:40  Siege Tank x2  
  66  6:52  SCV  
  67  6:54  Starport Reactor  
  52  7:10  Orbital Command, SCV  
  52  7:17  Bunker  
  52  7:22  SCV  
  53  7:23  Barracks Tech Lab, Barracks Reactor  
  53  7:28  Siege Tank  
  56  7:34  SCV  
  56  7:35  Refinery  
  57  7:37  Refinery  
  57  7:39  SCV  
  57  7:41  Medivac  
  60  7:46  Marine x2, SCV  
  61  7:58  SCV  
  61  8:00  SCV  
  63  8:10  SCV  
  64  8:18  Engineering Bay  
  64  8:19  Engineering Bay  
  64  8:22  SCV  
  64  8:23  Marine x2, SCV  
  64  8:25  Siege Tank  
  71  8:32  Barracks, Supply Depot  
  71  8:33  Medivac x2, Barracks, Supply Depot  
  75  8:34  SCV  
  75  8:35  Supply Depot, SCV  
  77  8:41  Marine x2  
  77  8:42  Stimpack  
  79  8:51  Marine  
  79  8:52  SCV  
  79  8:53  SCV  
  82  8:58  Terran Infantry Weapons Level 1  
  82  9:05  Marine  
  82  9:06  Marine  
  84  9:12  SCV  
  84  9:13  SCV  
  86  9:21  Barracks Tech Lab, Barracks Reactor  
  86  9:24  Command Center  
  86  9:30  Marine x2  
  88  9:32  SCV x2  
  88  9:33  Marine x3  
  88  9:37  Factory Tech Lab  
  88  9:38  Medivac x2  
  96  9:48  Siege Tank  
  96  9:49  Marine x2  
  99  10:02  SCV  
  99  10:03  Marine, SCV  
  99  10:04  Marine x5  
  107  10:07  Marine  
  107  10:14  Supply Depot  
  108  10:16  Supply Depot  
  108  10:17  Supply Depot  
  108  10:22  Combat Shield  
  108  10:25  Terran Infantry Armor Level 1  
  108  10:30  Armory  
  108  10:31  Viking  
  108  10:35  Viking, Siege Tank  
  115  10:37  Marine x4  
  115  10:38  Marine x2, Supply Depot x2  
  121  10:45  SCV x2  
  121  10:46  Orbital Command  
  122  10:57  SCV  
  122  10:59  Marine x2  
  122  11:01  Marine x2  
  127  11:05  Supply Depot  
  126  11:15  Marine  
  126  11:18  SCV x2  
  129  11:19  Marine  
  129  11:21  Terran Infantry Weapons Level 2  
  130  11:30  Marine  
  131  11:36  Supply Depot  
  131  11:44  Marine  
  132  11:50  Marine x2  
  132  11:51  Siege Tank x2, SCV x2  
  141  12:00  Marine x2  
  136  12:11  Orbital Command, Marine  
  123  12:17  Orbital Command  
  123  12:19  Marine  
  112  12:27  Marine x2  
  112  12:28  Marine x4  
  112  12:29  Marine  
  112  12:37  Marine  
  112  12:43  SCV  
  114  12:45  Marine x4  
  114  12:48  Marine  
  114  12:49  Supply Depot  
  114  12:51  Supply Depot x2  
  119  12:55  Marine x3, Supply Depot  
  122  12:59  Terran Infantry Armor Level 2  
  122  13:11  Supply Depot  
  122  13:12  SCV x2  
  124  13:13  Marine  
  125  13:21  Orbital Command, Siege Tank  
  125  13:23  Marine  
  125  13:26  Barracks x2  
  127  13:27  Barracks  
  127  13:38  Marine  
  127  13:40  Terran Infantry Weapons Level 3  
  127  13:41  SCV  
  129  13:46  Supply Depot  
  129  13:51  Marine  
  130  14:07  Marine  
  130  14:16  Refinery x2  
  129  14:22  Barracks Reactor  
  129  14:23  SCV  
  129  14:24  SCV  
  131  14:26  Starport  
  131  14:27  Terran Vehicle Weapons Level 1  
  131  14:32  Marine  
  127  14:43  Marine  
  127  14:44  Siege Tank x2  
  108  14:56  Marine x3  
  106  15:00  Command Center  
  106  15:01  Marine  
  105  15:11  Marine x2  
  101  15:19  Starport  
  89  15:25  Marine x2  
  89  15:26  SCV x2  
  87  15:35  Barracks Reactor x2  
  85  15:40  Marine  
  75  15:49  SCV  
Tags
 
Add a new tag
Caveats
  • Supply blocks, unpowered buildings, or Contaminate may cause inaccurate times.
  • Supply counts are checked every 10 seconds.